 Dungeon Crawl Stone Soup version 0.15.2 (webtiles) character file.

1137 Heini the Covered (level 8, 0/73 HPs)
             Began as a Minotaur Fighter on Feb 13, 2015.
             Was a Believer of Okawaru.
             Slain by an orc warrior
             ... wielding a +0 halberd
              (14 damage)
             ... on Level 6 of the Dungeon.
             The game lasted 00:09:09 (3900 turns).

Heini the Covered (Minotaur Fighter)                Turns: 3900, Time: 00:09:09

HP   0/73        AC  8     Str 23      XL: 8   Next: 14%
MP   3/3         EV  7     Int  5      God: Okawaru [**....]
Gold 294         SH  0     Dex 15      Spells:  0 memorised,  7 levels left

rFire  . . .     SeeInvis .     n - +0 flail (crush)
rCold  + . .     Clarity  .     b - +0 scale mail
rNeg   . . .     rCorr    .     c - +1 shield
rPois  .         rRot     .     (helmet restricted)
rElec  .         Spirit   .     (no cloak)
SustAb .         Warding  .     (no gloves)
rMut   +         Stasis   .     (no boots)
Gourm  .                        t - amulet of resist mutation
MR     .....                    q - +5 ring of dexterity
                                j - ring of protection from cold

@: confused, not resistant to hostile enchantments, extremely unstealthy
A: retaliatory headbutt, horns 2
a: Heroism, Renounce Religion


You were on level 6 of the Dungeon.
You worshipped Okawaru.
Okawaru was pleased with you.
You were not hungry.

You visited 1 branch of the dungeon, and saw 6 of its levels.

You collected 294 gold pieces.

Inventory:

Hand weapons
 n - a +0 flail of crushing (weapon)
Armour
 b - a +0 scale mail (worn)
 c - a +1 shield (worn)
Magical devices
 s - a wand of flame (10) {unknown}
Comestibles
 d - 6 bread rations
 i - a slice of pizza
 k - 5 meat rations
 p - a beef jerky
 u - 4 fruits
 w - a chunk of orc flesh
Scrolls
 g - 5 scrolls of magic mapping
 r - 2 scrolls of fear
Jewellery
 j - a ring of protection from cold (left hand)
 m - an uncursed ring of flight
 q - a +5 ring of dexterity (right hand)
 t - an amulet of resist mutation (around neck)
Potions
 e - a potion of haste {unknown}
 f - a potion of cancellation
 h - 2 potions of agility
 l - 2 potions of curing
 o - 2 potions of restore abilities {unknown}
 v - a potion of heal wounds {unknown}


   Skills:
 * Level 7.0 Fighting
 * Level 7.4 Maces & Flails
 * Level 7.8 Armour
 - Level 3.6 Shields


You had 7 spell levels left.
You didn't know any spells.

Dungeon Overview and Level Annotations

Branches:
Dungeon (6/15)             Temple (0/1) D:5

Altars:
Fedhas
Okawaru
Vehumet
Yredelemnul

Shops:
D:6 [

Annotations:
D:5 Sigmund


Innate Abilities, Weirdness & Mutations

You reflexively headbutt those who attack you in melee.
You have a pair of horns on your head.


Message History

You are confused.
The orc warrior hits you with a halberd!!
The orc zombie barely misses you.
You hear some strange, mumbled words.
The magic dart hits you!
Things that are here:
a dagger; a robe; an orc corpse The orc warrior closely misses you.
Something hits you but does no damage.
You are too confused!
You are too confused!
You are too confused!
You are too confused!
The orc warrior hits you from afar with a halberd!!
* * * LOW HITPOINT WARNING * * *
Something hits you.
* * * LOW HITPOINT WARNING * * *
You completely miss something. You headbutt something!
The orc zombie hits you but does no damage.
The orc warrior hits you from afar with a halberd!
You die...

####### #......###
#.........# #..........#
#..........##
#...........#
#...........##
#.......Zo...# # #
#......@.....# #.##
#............## #...
#..!..........# #..
#..........%.## ####..
#..........########.....
#......................
#....#................
#####........).((((((
#.........##...###


You could see an orc warrior and an orc zombie.

Vanquished Creatures
  The ghost of Heini the Covered, an average MiFi (D:4)
  Eustachio (D:5)
  A phantom (D:4)
  An ogre (D:5)
  A centaur (D:6)
  A scorpion (D:4)
  A hound (D:4)
  An orc priest (D:6)
  A giant frog skeleton (D:5)
  4 orc wizards (D:6)
  A worker ant (D:4)
  Ijyb (D:5)
  8 adders
  A gnoll (D:1)
  A green rat (D:5)
  A giant mite (D:1)
  6 worms
  3 giant geckos
  An ooze (D:1)
  7 orcs
  8 bats
  2 giant cockroaches (D:2)
  19 hobgoblins
  7 jackals
  3 quokkas
  3 ball pythons
  6 giant newts
  13 goblins
  A hobgoblin skeleton (D:4)
  9 kobolds
  10 rats
  A fungus (D:3)
125 creatures vanquished.

Notes
Turn   | Place    | Note
--------------------------------------------------------------
     0 | D:1      | Heini, the Minotaur Fighter, began the quest for the Orb.
     0 | D:1      | Reached XP level 1. HP: 19/19 MP: 1/1
   225 | D:1      | Reached XP level 2. HP: 20/27 MP: 1/1
   305 | D:1      | Reached skill level 4 in Armour
   557 | D:1      | Reached XP level 3. HP: 22/33 MP: 2/2
   791 | D:2      | Found an iron altar of Okawaru.
   792 | D:2      | Found a radiant altar of Vehumet.
   795 | D:2      | Found a basalt altar of Yredelemnul.
   798 | D:2      | Became a worshipper of Warmaster Okawaru
   883 | D:2      | Reached XP level 4. HP: 33/41 MP: 2/2
   963 | D:2      | Reached skill level 5 in Armour
  1555 | D:3      | Reached XP level 5. HP: 38/47 MP: 2/2
  1656 | D:3      | Found a blossoming altar of Fedhas.
  2149 | D:4      | Acquired Okawaru's first power
  2149 | D:4      | Reached skill level 5 in Fighting
  2164 | D:4      | Noticed a phantom
  2187 | D:4      | Killed a phantom
  2187 | D:4      | Reached skill level 6 in Armour
  2187 | D:4      | Reached XP level 6. HP: 43/56 MP: 3/3
  2558 | D:4      | Reached skill level 5 in Maces & Flails
  2563 | D:4      | Noticed Heini's ghost (average MiFi)
  2579 | D:4      | Killed Heini's ghost
  2579 | D:4      | Reached XP level 7. HP: 32/62 MP: 3/3
  2892 | D:5      | Entered Level 5 of the Dungeon
  2895 | D:5      | Noticed Eustachio
  2919 | D:5      | Killed Eustachio
  2919 | D:5      | Reached skill level 7 in Armour
  3123 | D:5      | Found a staircase to the Ecumenical Temple.
  3128 | D:5      | Noticed Sigmund
  3336 | D:5      | Noticed Ijyb
  3344 | D:5      | Killed Ijyb
  3696 | D:6      | Found Tourial's Antique Armour Shoppe.
  3723 | D:6      | Reached XP level 8. HP: 67/71 MP: 3/3
  3900 | D:6      | Slain by an orc warrior

Action                   |  1- 3 |  4- 6 |  7- 9 || total
-------------------------+-------+-------+-------++-------
Melee: Flail             |    74 |   171 |    93 ||   338
  Use: Scroll            |     6 |     5 |     3 ||    14
       Potion            |       |     1 |       ||     1
  Eat: Chunk             |       |     6 |     4 ||    10
